 Dungeon Crawl Stone Soup version 0.30-a0-637-gacddeb6d44 (webtiles) character file.

Game seed: 17740067902370764715

853 kae the Changer (level 7, -1/57 HPs)
             Began as a Demonspawn Transmuter on Jan 15, 2023.
             Slain by a gnoll
             ... wielding a +0 flail
             ... led by a gnoll bouda
              (6 damage)
             ... on level 6 of the Dungeon.
             The game lasted 00:05:18 (5862 turns).

kae the Changer (Demonspawn Transmuter)             Turns: 5862, Time: 00:05:19

Health: -1/57      AC:  7    Str: 16    XL:     7   Next: 70%
Magic:  7/13       EV: 10    Int: 17    God:
Gold:   272        SH:  0    Dex: 13    Spells: 4/14 levels left

rFire   x . .      SeeInvis .      - Unarmed
rCold   + + +      Faith    .    (shield currently unavailable)
rNeg    . . .      Spirit   .    (body armour currently unavailable)
rPois   +          Reflect  .    (helmet currently unavailable)
rElec   .          Harm     .    (cloak currently unavailable)
rCorr   .          Rampage  .    (gloves currently unavailable)
Will    .....                    (boots currently unavailable)
Stlth   +                        (no amulet)
HPRegen 0.29/turn                S - +6 ring of strength
MPRegen 0.13/turn                (no ring)

@: ice-form, weakened, wereblooded
A: freezing attack, amphibious, boosted hp, large, (antennae 1), demonic
guardian 1, foul stench 1, (sharp scales 1)
a: End Transformation


You were on level 6 of the Dungeon.
You were a creature of crystalline ice.
You visited 2 branches of the dungeon, and saw 7 of its levels.

You collected 272 gold pieces.


Innate Abilities, Weirdness & Mutations

You are a creature of crystalline ice.
You have a powerful freezing melee attack.
You are amphibious.
Your maximum health is increased.
Your armour is entirely melded.
You are incapable of wielding weapons or throwing items.
((You have a pair of small antennae on your head.))
A weak demonic guardian rushes to your aid.
You may rarely emit foul miasma when damaged in melee.
((You are partially covered in razor-sharp scales. (AC +1, Slay +1)))


   Skills:
 - Level 1.0 Fighting
 - Level 1.7 Dodging
 + Level 4.3 Unarmed Combat
 + Level 4.0 Spellcasting
 * Level 5.2 Transmutations
 * Level 3.3 Ice Magic
 - Level 1.0 Poison Magic


You had 4 spell levels left.
You knew the following spells:

 Your Spells              Type           Power      Damage    Failure   Level
a - Beastly Appendage     Tmut           42%        N/A       1%          1
b - Wereblood             Tmut           21%        N/A       2%          2
c - Spider Form           Tmut/Pois      13%        N/A       13%         3
d - Ice Form              Ice/Tmut       17%        N/A       26%         4

Your spell library contained the following spells:

 Spells                   Type           Power      Damage    Failure   Level


Inventory:

Missiles
 d - 46 stones
 f - 5 poisoned darts
 s - 5 javelins
Armour
 a - a +0 robe (melded)
 n - a +2 cloak of poison resistance (melded)
   (You took it off Crazy Yiuf on level 3 of the Dungeon)
Magical Staves
 l - a staff of death {!a}
   (You found it on level 2 of the Dungeon)
 t - a staff of air {!a}
   (You found it on level 5 of the Dungeon)
 v - a staff of earth {!a}
   (You found it on level 5 of the Dungeon)
Jewellery
 S - a +6 ring of strength (left front paw)
   (You found it on level 1 of the Dungeon)
Wands
 p - a wand of flame (16)
   (You found it on level 4 of the Dungeon)
Scrolls
 c - 2 scrolls of immolation {!r!r}
 k - a scroll of identify {@r1}
Potions
 b - a potion of lignification {!q}
 e - 4 potions of mutation {unknown}
 g - a potion of haste {unknown}
 h - 3 potions of brilliance {unknown}
 i - a potion of invisibility {unknown}
 j - a potion of resistance
 m - a potion of berserk rage {unknown}
 q - 2 potions of heal wounds {unknown}
 r - a potion of ambrosia {unknown}
 w - a potion of curing {unknown}

Dungeon Overview and Level Annotations

Branches:
Dungeon (6/15) Zot: 26776  Temple (1/1) D:5 Zot: 5897

Altars:
Ashenzari
Dithmenos
Fedhas
Gozag
Hepliaklqana
Kikubaaqudgha
Makhleb
Nemelex Xobeh
Okawaru
Qazlal
Sif Muna
Uskayaw
Vehumet
Wu Jian
Xom
Yredelemnul

Shops:
D:1 !

Annotations:
D:4 2 transporters, funkygono's ghost, amateur DsFE

.....# .....#
##+####>....# .....#
#.....#.....# .....#
##.....#.....# ######
+......#.....# ....#
#......#.....# ....#
##...###.....#
.#########...#.ggg5..#
.##.##..##...#.○Yg...#
..).....'....#......##
^.#.....#....#.)...##
..#.....#....#..).##
..#.....#....#...##
.##....###.###..##
.#########.#....# ..
#...#.[..# ..
#...+....#


You could see a gnoll bouda, 3 gnolls and a friendly ufetubus (summoned).


Message History

You kill the orc!
A gnoll comes into view. It is wielding a +0 flail.
Found a stone staircase leading down. 😎 MP[+1]
The gnoll bouda shouts!
You hit the gnoll.
The gnoll is poisoned.
Your transformation is almost over.
You hear a shout!
A gnoll comes into view. It is wielding a +0 club.
The gnoll misses you.
The gnoll shouts!
You hit the gnoll but do no damage.
The gnoll looks as sick as possible!
You hear a shout!
A gnoll comes into view. It is wielding a +0 flail.
The gnoll misses you.
The gnoll bouda gazes fiercely through you!
You feel your attacks grow feeble.
You hit the gnoll.
The gnoll looks as sick as possible!
You kill the gnoll!
Your Spellcasting skill increases to level 4!
Casting: Spider Form (quite dangerous; 30% risk of failure)
Confirm with . or Enter, or press ? or * to list all spells.
The spell is quite dangerous to miscast (47% risk of failure)!
Continue anyway? [Y]es or [N]o only, please.
The spell is quite dangerous to miscast (47% risk of failure)!
Continue anyway?
Your transformation has ended.
Your +2 cloak of poison resistance unmelds from your body.
Your +0 robe unmelds from your body.
You feel resistant to poison.
You turn into a creature of crystalline ice.
Your +2 cloak of poison resistance melds into your body.
Your +0 robe melds into your body.
You no longer feel resistant to poison.
A gnoll comes into view.
It is wielding a +0 club. 😎 HP[+9] MP[-4]
You now have 57 max hp (+9).
Your hp is fully restored (57).
You lost 4 mp, and now have 7/13 mp.
Casting: Ice Form (quite dangerous; 26% risk of failure)
Confirm with . or Enter, or press ? or * to list all spells.
Your blood is infused with primal strength.
The gnoll barely misses you. 😎 MP[-2]
You lost 2 mp, and now have 5/13 mp.
You hit the gnoll bouda but do no damage.
The gnoll hits you but does no damage.
The gnoll bouda hits you with a +0 whip.
You completely miss the gnoll bouda.
Your attacks no longer feel as feeble.
The gnoll bouda barks out a call to the hunt!
The gnolls pick up the pace!
The gnoll barely misses you. 😎 MP[+1]
You hit the gnoll bouda. You freeze the gnoll bouda.
The gnoll hits you but does no damage. The gnoll hits you with a +0 flail.
The gnoll bouda hits you with a +0 whip.
The gnoll hits you with a +0 flail.
You barely miss the gnoll bouda. The gnoll hits you with a +0 flail.
The gnoll barely misses you. x2
The gnoll bouda hits you with a +0 whip.
The gnoll hits you with a +0 club. 😮 HP[-23]
You take 23 damage, and now have 34/57 hp.
MASSIVE DAMAGE!! (PAUSE)
You hit the gnoll but do no damage. The gnoll hits you with a +0 flail.
The gnoll barely misses you. The gnoll hits you with a +0 flail.
* * * LOW HITPOINT WARNING * * *
You emit a cloud of foul miasma!
The gnoll bouda barely misses you. The gnoll closely misses you. 😨 HP[-7]
You take 7 damage, and now have 27/57 hp.
You hit the gnoll. You freeze the gnoll. The gnoll hits you with a +0 flail!
* * * LOW HITPOINT WARNING * * *
The gnoll hits you with a +0 club.
* * * LOW HITPOINT WARNING * * *
The gnoll bouda gazes fiercely through you!
You feel your attacks grow feeble.
The gnoll bouda hits you but does no damage.
The gnoll is engulfed in dark miasma.
The gnoll is poisoned.
The gnoll seems to slow down.
The gnoll closely misses you. The gnoll barely misses you. 😨 HP[-12]
You take 12 damage, and now have 15/57 hp.
MASSIVE DAMAGE!! (PAUSE)
You barely miss the gnoll.
The gnoll is no longer moving slowly.
The gnoll hits you but does no damage. The gnoll hits you with a +0 club.
* * * LOW HITPOINT WARNING * * *
The gnoll bouda barely misses you. The gnoll misses you. 😱 HP[-3]
You take 3 damage, and now have 12/57 hp.
You punch the gnoll! You freeze the gnoll.
You feel a bit better.
You kill the gnoll!
The gnoll hits you with a +0 flail.
* * * LOW HITPOINT WARNING * * *
A demonic guardian appears!
The gnoll hits you with a +0 club.
* * * LOW HITPOINT WARNING * * *
The gnoll bouda barely misses you. The gnoll closely misses you. 😱 HP[-8]
You take 8 damage, and now have 4/57 hp.
Unknown command.
You barely miss the gnoll. Your ufetubus hits the gnoll.
Your ufetubus barely misses the gnoll.
The gnoll hits you with a +0 flail.
You die...

Skill      XL: |  1  2  3  4  5  6  7 |
---------------+----------------------+-----
Transmutations | 2 3 4 5 |  5.2
Unarmed Combat | 3 4 |  4.3
Spellcasting   | 3 4 |  4.0
Poison Magic   | 1 |  1.0
Ice Magic      | 2 3 |  3.3
Fighting       | |  1.0
Dodging        | |  1.7

Action                   |  1- 3 |  4- 6 |  7- 9 || total
-------------------------+-------+-------+-------++-------
Melee: Unarmed           |   113 |   176 |    39 ||   328
       Headbutt          |    14 |     7 |       ||    21
       Kick              |    11 |    18 |       ||    29
       Punch             |     1 |     3 |       ||     4
 Cast: Beastly Appendage |    22 |    24 |       ||    46
       Spider Form       |     2 |    15 |     2 ||    19
       Wereblood         |       |     2 |     1 ||     3
       Ice Form          |       |     1 |     3 ||     4
  Use: Scroll            |     2 |     4 |     3 ||     9
 Stab: Sleeping          |       |     1 |       ||     1
Armor: Robe              |    13 |    32 |       ||    45
       Skin              |     1 |     7 |     8 ||    16
Dodge: Dodged            |    72 |   126 |    31 ||   229

Levels and vault maps discovered:
D:1:      heliophobic_arrival_glass_houses, layout_basic, serial_shops, shop,
          nrook_mini_backslash
D:2:      minmay_angry_zag, layout_basic,
          nicolae_concentric_dashed_squares_mild, serial_park_tiny_1,
          minmay_misc_feat_x
D:3:      layout_basic, led_sif_pool, serial_corexii_hall,
          corexii_hall_statues_s, corexii_hall_statues_s,
          nicolae_figureground_sparkle, uniq_crazy_yiuf_cottage, uniq_robin
D:4:      layout_loops_ring, mainiacjoe_overflow_surrounded_room,
          gammafunk_ghost_stat_death
D:5:      nicolae_cairo_tiling, layout_loops_ring, minmay_temple_entry_oklob
D:6:      kennysheep_big_flooded_room, layout_gridville, kennysheep_slug_shrine,
          mainiacjoe_overflow_small_starburst, uniq_grinder
Temple:   nicolae_temple_x_marks_the_god

Notes
Turn   | Place    | Note
-------+----------+-------------------------------------------
     0 | D:1      | kae the Demonspawn Transmuter began the quest for the Orb.
     0 | D:1      | Reached XP level 1. HP: 15/15 MP: 3/3
     0 | D:1      | magus.rc [v1.11.3]
    82 | D:1      | Reached skill level 2 in Transmutations
   215 | D:1      | Gained mutation: You may rarely emit foul miasma when
                  | damaged in melee. [demonic ancestry]
   215 | D:1      | Reached XP level 2. HP: 19/21 MP: 3/5
   294 | D:1      | Found Niod's Distillery.
   448 | D:1      | Reached skill level 3 in Unarmed Combat
   454 | D:1      | Learned a level 2 spell: Wereblood
   644 | D:1      | Gained mutation: You are partially covered in razor-sharp
                  | scales. (AC +1, Slay +1) [demonic ancestry]
   644 | D:1      | Reached XP level 3. HP: 26/26 MP: 4/6
   648 | D:1      | Learned a level 3 spell: Spider Form
  1392 | D:2      | Reached skill level 3 in Transmutations
  1392 | D:2      | Reached XP level 4. HP: 25/32 MP: 4/8
  2509 | D:3      | Reached skill level 3 in Spellcasting
  2509 | D:3      | Reached XP level 5. HP: 29/37 MP: 5/9
  2887 | D:3      | Noticed Robin
  2905 | D:3      | Killed Robin
  3014 | D:3      | Reached skill level 1 in Poison Magic
  3020 | D:3      | Learned a level 4 spell: Ice Form
  3205 | D:3      | Found a shimmering blue altar of Sif Muna.
  3416 | D:3      | Found a runed translucent door.
  3417 | D:3      | Noticed Crazy Yiuf
  3599 | D:3      | HP: 9/37 [Crazy Yiuf/+2 quarterstaff of chaos (10)]
  3601 | D:3      | Killed Crazy Yiuf
  3602 | D:3      | Reached skill level 4 in Transmutations
  3825 | D:4      | Found a transporter.
  4104 | D:4      | Found a shimmering altar of Xom.
  4109 | D:4      | Gained mutation: A weak demonic guardian rushes to your
                  | aid. [demonic ancestry]
  4109 | D:4      | Reached XP level 6. HP: 35/43 MP: 6/10
  4164 | D:4      | Found a transporter.
  4184 | D:4      | Noticed funkygono's ghost (amateur DsFE)
  4510 | D:5      | Entered Level 5 of the Dungeon
  4522 | D:5      | Reached skill level 1 in Ice Magic
  4648 | D:5      | Found a staircase to the Ecumenical Temple.
  4721 | Temple   | Entered the Ecumenical Temple
  5052 | D:5      | Reached skill level 2 in Ice Magic
  5189 | D:5      | Reached skill level 4 in Unarmed Combat
  5376 | D:5      | Gained mutation: You have a pair of small antennae on your
                  | head. [demonic ancestry]
  5376 | D:5      | Reached XP level 7. HP: 40/48 MP: 8/12
  5739 | D:6      | Found a basalt altar of Yredelemnul.
  5800 | D:6      | Reached skill level 5 in Transmutations
  5800 | D:6      | Reached skill level 3 in Ice Magic
  5851 | D:6      | Reached skill level 4 in Spellcasting
  5860 | D:6      | HP: 12/57 [gnoll/+0 club[a gnoll bouda] (3)]
  5861 | D:6      | HP: 4/57 [gnoll/+0 club[a gnoll bouda] (3)]
  5862 | D:6      | Slain by a gnoll

Vanquished Creatures
  An ice beast (D:5)
  A sky beast (D:6)
  An ogre (D:6)
  2 scorpions (D:5)
  An oklob sapling (D:5)
  An orc priest (D:6)
  A hound (D:5)
  Crazy Yiuf (D:3)
  2 iguanas
  An orc wizard (D:5)
  Robin (D:3)
  8 gnolls
  5 adders
  5 worms
  2 dart slugs
  7 orcs
  6 ball pythons
  7 bats
  5 endoplasms
  2 giant cockroaches (D:3)
  12 goblins
  8 hobgoblins
  13 jackals
  11 kobolds
  6 quokkas
  3 frilled lizards
  6 rats
119 creatures vanquished.

Vanquished Creatures (others)
  A plant (D:5)
1 creature vanquished.

Grand Total: 120 creatures vanquished

Table legend:
 A = Non-vault XP
 B = Vault XP
 C = Vault XP percentage of total XP
 D = Non-vault monster count
 E = Vault monster count
 F = Vault count percentage of total count
                 A         B        C        D         E       F
            +---------+---------+-------+---------+---------+-------
      Total |    1060 |     159 |  13.0 |     101 |      18 |  15.1
            +---------+---------+-------+---------+---------+-------
        D:1 |      58 |       0 |   0.0 |      33 |       0 |   0.0
        D:2 |     110 |      21 |  16.0 |      19 |       4 |  17.4
        D:3 |      84 |      76 |  47.5 |      22 |      13 |  37.1
        D:4 |      50 |       0 |   0.0 |       3 |       0 |   0.0
        D:5 |     441 |      62 |  12.3 |      17 |       1 |   5.6
        D:6 |     317 |       0 |   0.0 |       7 |       0 |   0.0
            +---------+---------+-------+---------+---------+-------

Illustrated notes

Table legend:
 A = Kills in this place as a percentage of kills in entire the game.
 B = Kills by you in this place as a percentage of kills by you in the entire game.
 C = Kills by friends in this place as a percentage of kills by friends in the entire game.
 D = Other kills in this place as a percentage of other kills in the entire game.
 E = Experience gained in this place as a percentage of experience gained in the entire game.
 F = Experience gained in this place divided by the number of levels of this place that you have seen.
                   A       B       C       D       E      F
               +-------+-------+-------+-------+-------+----------------------
         Total | 100.0 | 100.0 |   N/A |   N/A | 100.0 | 174.1
       Dungeon | 100.0 | 100.0 |   N/A |   N/A | 100.0 | 203.2
               +-------+-------+-------+-------+-------+----------------------

Table legend: (Time is in decaauts)
 A = Elapsed time spent in this place.
 B = Non-inter-level travel time spent in this place.
 C = Inter-level travel time spent in this place.
 D = Time resting spent in this place.
 E = Time spent auto-exploring this place.
 F = Levels seen in this place.
 G = Mean time per level.
                   A        B        C        D        E       F      G
               +--------+--------+--------+--------+--------+-----+--------+
         Total |   5842 |   5647 |    195 |    263 |   4492 |   7 |  834.6 |
       Dungeon |   5739 |   5552 |    187 |    263 |   4402 |   6 |  956.5 |
        Temple |    102 |     94 |      8 |      0 |     90 |   1 |  102.0 |
               +--------+--------+--------+--------+--------+-----+--------+

Top non-repeatable levels by time:
     D:3: 1342 daAuts
     D:2: 1327 daAuts
     D:1: 1116 daAuts
     D:5: 1018 daAuts
     D:4: 711 daAuts
     D:6: 222 daAuts
  Temple: 102 daAuts
